 Dungeon Crawl Stone Soup version 0.31-a0-496-g6f97920a28 (webtiles) character file.

Game seed: 4065732231196809858

9 ytrimaz the Changeling (level 2, 0/31 HPs)
             Began as a Demonspawn Shapeshifter on Aug 8, 2023.
             Slain by a quokka (2 damage)
             ... on level 1 of the Dungeon.
             The game lasted 00:00:35 (235 turns).

ytrimaz the Changeling (Demonspawn Shapeshifter)     Turns: 235, Time: 00:00:36

Health: 0/31       AC: 21    Str: 15    XL:     2   Next: 6%
Magic:  2/2        EV:  2    Int:  9    God:
Gold:   8          SH:  0    Dex: 15    Spells: 1/1 levels left

rFire   . .          .
                       - Unarmed
rCold   . . .        (no shield)
rNeg    . . .        a - melded +0 animal skin
rPois   +            (helmet currently unavailable)
rElec   .            (cloak currently unavailable)
rCorr   .            (gloves currently unavailable)
SInv    .            (boots currently unavailable)
Will    .....        (no amulet)
Stlth   ++           (no ring)
HPRegen 0.25/turn    (no ring)
MPRegen 0.08/turn

%: no passive effects
@: tree-form
A: stationary, stasis, torment immunity, boosted hp, thin skeletal structure 1
a: no special abilities


You were on level 1 of the Dungeon.
You were a tree.
You visited 1 branch of the dungeon, and saw 1 of its levels.

You collected 8 gold pieces.


Innate Abilities, Weirdness & Mutations

You are a tree.
Your roots penetrate the ground, keeping you stationary.
You cannot be teleported.
You are immune to unholy pain and torment.
Your maximum health is greatly increased.
Your equipment is partially melded.
You have a somewhat thin skeletal structure. (Dex +2, Stealth+)


   Skills:
 - Level 1.0 Fighting
 - Level 2.0 Dodging
 - Level 2.8 Unarmed Combat
 * Level 2.9 Shapeshifting


You had one spell level left.
You didn't know any spells.
Your spell library was empty.

Inventory:

Armour
 a - a +0 animal skin (melded)
Talismans
 c - a beast talisman
 d - a flux talisman
Scrolls
 f - a scroll of teleportation {unknown}
Potions
 b - a potion of lignification
 e - a potion of heal wounds {unknown}

Dungeon Overview and Level Annotations

Branches:
Dungeon (1/15) Zot: 5765

Altars:

#.#..........#
#.#..........#
............#.###
#..............
#........$#...#
#.........#...#
#.........#...#
###.#†#####...####
#.#♣r...........
##.####......##
....###..#.###
#........#.#
#...####.#.# .#
#.######.#.##.#
...>......##.#
.######.####.# #)#
#.#


You could see a quokka.


Message History

A kobold is nearby!
A kobold is nearby!
A kobold is nearby!
The kobold hits you with a +0 dagger. 😕 HP[-2]
You take 2 damage, and now have 8/10 hp.
You closely miss the kobold. The kobold closely misses you.
You closely miss the kobold.
The kobold hits you with a +0 dagger. 😮 HP[-2]
You take 2 damage, and now have 6/10 hp.
You are too injured to fight recklessly!
Unknown command.
You hit the kobold.
You kill the kobold!
You have reached level 2!
Your demonic ancestry asserts itself...
Your bones become slightly less dense. 😮 HP[+3] MP[+1]
You now have 14 max hp (+4).
You regained 3 hp, and now have 9/14 hp.
Your mp is fully restored (2).
You are too injured to fight recklessly!
You see here a +0 dagger. 😮 HP[+1]
You are too injured to fight recklessly!
Found a stone staircase leading down. 2 quokkas come into view. 😎 HP[+4]
Your hp is fully restored (14).
There are monsters nearby!
Unknown command.
There are monsters nearby!
There are monsters nearby!
There are monsters nearby!
There are monsters nearby!
A frilled lizard comes into view.
The frilled lizard hisses angrily.
You hit the quokka.
The quokka begins to glow.
The quokka bites you. x2 😕 HP[-3]
You take 3 damage, and now have 11/14 hp.
MASSIVE DAMAGE!! (PAUSE)
You hit the quokka but do no damage.
The quokka glows dangerously bright.
The quokka bites you. x2
* * * LOW HITPOINT WARNING * * *
😨 HP[-4]
You take 4 damage, and now have 7/14 hp.
MASSIVE DAMAGE!! (PAUSE) Unknown command.
The quokka attacks as you move away! The quokka bites you.
* * * LOW HITPOINT WARNING * * *
😨 HP[-3]
You take 3 damage, and now have 4/14 hp.
MASSIVE DAMAGE!! (PAUSE)
Your transformation has ended.
You turn into a tree.
Your +0 animal skin melds into your body.
Your roots penetrate the ground.
The quokka bites you but does no damage. x2 😱 HP[+2]
You now have 31 max hp (+17).
You regained 2 hp, and now have 6/31 hp.
Unknown command.
You completely miss the quokka. The quokka bites you.
* * * LOW HITPOINT WARNING * * *
😱 HP[-3]
You take 3 damage, and now have 3/31 hp.
You miss the quokka.
Unknown command.
You barely miss the quokka.
The quokka bites you but does no damage.
The quokka barely misses you.
Unknown command.
You smack the quokka!
You kill the quokka!
The quokka bites you.
* * * LOW HITPOINT WARNING * * *
😱 HP[-1]
You take 1 damage, and now have 2/31 hp.
You hit the frilled lizard but do no damage.
The frilled lizard bites you but does no damage.
The quokka completely misses you. 😱 HP[+1] Unknown command.
You closely miss the frilled lizard.
The quokka bites you but does no damage.
The frilled lizard bites you but does no damage.
You hit the frilled lizard. The quokka bites you.
* * * LOW HITPOINT WARNING * * *
The frilled lizard bites you but does no damage.
The quokka bites you but does no damage. 😱 HP[-2]
You take 2 damage, and now have 1/31 hp.
Unknown command.
You miss the frilled lizard.
The frilled lizard bites you but does no damage.
The quokka bites you but does no damage.
You hit the frilled lizard.
You kill the frilled lizard!
The quokka bites you.
You die...

Skill      XL: |  1 |
---------------+----+-----
Dodging        | 2 |  2.0
Fighting       | |  1.0
Unarmed Combat | |  2.8
Shapeshifting  | |  2.9

Action                     || total
---------------------------++-------
  Melee: Unarmed           ||    37
    Use: Potion            ||     1
 Armour: Animal skin       ||     9
         Skin              ||    10
  Dodge: Dodged            ||    26
   Form: Flux              ||     1

Levels and vault maps discovered:
D:1:      minmay_arrival_four_houses, layout_loops_ring,
          chequers_serial_rivers_room_a, nrook_campfire, minivault_5

Notes
Turn   | Place    | Note
-------+----------+-------------------------------------------
     0 | D:1      | ytrimaz the Demonspawn Shapeshifter began the quest for the
                  | Orb.
     0 | D:1      | Reached XP level 1. HP: 15/15 MP: 1/1
     0 | D:1      | magus.rc [v1.9.6]
    50 | D:1      | HP: 2/10 [frilled lizard (2)]
   120 | D:1      | Reached skill level 2 in Dodging
   187 | D:1      | Gained mutation: You have a somewhat thin skeletal
                  | structure. (Dex +2, Stealth+) [demonic ancestry]
   187 | D:1      | Reached XP level 2. HP: 9/21 MP: 2/2
   227 | D:1      | HP: 3/31 [quokka (4)]
   233 | D:1      | HP: 1/31 [quokka (2)]
   235 | D:1      | Slain by a quokka

Vanquished Creatures
  A dart slug (D:1)
  A giant cockroach (D:1)
  A goblin (D:1)
  A quokka (D:1)
  A bat (D:1)
  2 frilled lizards (D:1)
  A kobold (D:1)
  A rat (D:1)
9 creatures vanquished.

Table legend:
 A = Non-vault XP
 B = Vault XP
 C = Vault XP percentage of total XP
 D = Non-vault monster count
 E = Vault monster count
 F = Vault count percentage of total count
                 A         B        C        D         E       F
            +---------+---------+-------+---------+---------+-------
      Total |      15 |       0 |   0.0 |       9 |       0 |   0.0
            +---------+---------+-------+---------+---------+-------
        D:1 |      15 |       0 |   0.0 |       9 |       0 |   0.0
            +---------+---------+-------+---------+---------+-------

Skill      XL: |  1 |
---------------+----+-----
Dodging        | 2 |  2.0
Fighting       | |  1.0
Unarmed Combat | |  2.8
Shapeshifting  | |  2.9

Action                     || total
---------------------------++-------
  Melee: Unarmed           ||    37
    Use: Potion            ||     1
 Armour: Animal skin       ||     9
         Skin              ||    10
  Dodge: Dodged            ||    26
   Form: Flux              ||     1

Illustrated notes

Table legend:
 A = Kills in this place as a percentage of kills in the entire game.
 B = Kills by you in this place as a percentage of kills by you in the entire game.
 C = Kills by friends in this place as a percentage of kills by friends in the entire game.
 D = Other kills in this place as a percentage of other kills in the entire game.
 E = Experience gained in this place as a percentage of experience gained in the entire game.
 F = Experience gained in this place divided by the number of levels of this place that you have seen.
                   A       B       C       D       E      F
               +-------+-------+-------+-------+-------+----------------------
         Total | 100.0 | 100.0 |   N/A |   N/A | 100.0 |  15.0
       Dungeon | 100.0 | 100.0 |   N/A |   N/A | 100.0 |  15.0
               +-------+-------+-------+-------+-------+----------------------

Table legend: (Time is in decaauts)
 A = Elapsed time spent in this place.
 B = Non-inter-level travel time spent in this place.
 C = Inter-level travel time spent in this place.
 D = Time resting spent in this place.
 E = Time spent auto-exploring this place.
 F = Levels seen in this place.
 G = Mean time per level.
                   A        B        C        D        E       F      G
               +--------+--------+--------+--------+--------+-----+--------+
         Total |    233 |    233 |      0 |      0 |    148 |   1 |  233.0 |
       Dungeon |    233 |    233 |      0 |      0 |    148 |   1 |  233.0 |
               +--------+--------+--------+--------+--------+-----+--------+

Top non-repeatable levels by time:
     D:1: 233 daAuts
